 Dungeon Crawl Stone Soup version 0.31-a0-96-g196d5507e3 (webtiles) character file.

Game seed: 16909658327252332803

124 Essalna the Digger (level 5, 0/32 HPs)
             Began as a Gargoyle Earth Elementalist on May 26, 2023.
             Slain by an ice beast (8 damage)
             ... on level 3 of the Dungeon.
             The game lasted 00:03:35 (2103 turns).

Essalna the Digger (Gargoyle Earth Elementalist)    Turns: 2103, Time: 00:03:36

Health: 0/32       AC:  6    Str: 12    XL:     5   Next: 8%
Magic:  8/8        EV: 11    Int: 17    God:
Gold:   167        SH:  5    Dex: 10    Spells: 7/8 levels left

rFire   . . .        c - +0 dagger
rCold   . . .        (no shield)
rNeg    + . .        a - +0 robe
rPois   ∞            (no helmet)
rElec   +            (no cloak)
rCorr   .            (no gloves)
SInv    .            (no boots)
Will    .....        h - amulet of reflection
Stlth   ++           (no ring)
HPRegen 0.25/turn    (no ring)
MPRegen 0.11/turn

%: reflection
@: no status effects
A: sickness immunity, AC +4, negative energy resistance 1, electricity
resistance, torment resistance 1, petrification resistance
a: no special abilities


You were on level 3 of the Dungeon.
You visited 1 branch of the dungeon, and saw 3 of its levels.

You collected 167 gold pieces.

Inventory:

Hand Weapons
 c - a +0 dagger (weapon)
Missiles
 i - 2 throwing nets
Armour
 a - a +0 robe (worn)
Magical Staves
 j - a staff of poison
Jewellery
 h - an amulet of reflection (around neck)
 k - a ring of resist corrosion
Scrolls
 e - a scroll of teleportation
 l - a scroll of silence {unknown}
 m - a scroll of magic mapping {unknown}
 o - a scroll of identify
Potions
 d - a potion of might
 f - a potion of enlightenment {unknown}
 g - a potion of berserk rage {unknown}
 n - a potion of curing {unknown}


   Skills:
 + Level 3.4 Fighting
 - Level 1.5 Dodging
 - Level 2.1 Stealth
 - Level 2.0 Spellcasting
 - Level 0.7 Transmutations
 + Level 5.4 Earth Magic


You had 7 spell levels left.
You knew the following spells:

 Your Spells              Type           Power      Damage    Failure   Level
a - Sandblast             Erth           40%        2d10      1%          1

Your spell library contained the following spells:

 Spells                   Type           Power      Damage    Failure   Level
 Passwall                 Tmut/Erth      9%         N/A       10%         2
 Stone Arrow              Conj/Erth      20%        3d8       22%         3
 Ensorcelled Hibernation  Hex/Ice        0%         N/A       32%         2
 Swiftness                Air            1%         N/A       50%         3
 Petrify                  Tmut/Erth      11%        N/A       52%         4
 Dazzling Flash           Conj/Hex       0%         N/A       54%         3
 Volatile Blastmotes      Fire/Tloc      0%         2d10      54%         3
 Iskenderun's Mystic Bla  Conj/Tloc      0%         2d3       91%         4
 Starburst                Conj/Fire      0%         6d3       100%        6


Dungeon Overview and Level Annotations

Branches:
Dungeon (3/15)

Altars:
Nemelex Xobeh


Innate Abilities, Weirdness & Mutations

You are immune to sickness and miasma.
Your stone body is resilient. (AC +4)
You are immune to poison.
You resist negative energy. (rN+)
You are resistant to electric shocks. (rElec)
You are resistant to unholy torment.
You are immune to petrification.


Message History

The ice beast is moderately wounded.
The blast of sand hits the ice beast.
The ice beast is moderately wounded.
The ice beast hits you but does no damage.
The blast of sand hits the ice beast.
The ice beast is heavily wounded.
The ice beast hits you but does no damage.
The ice beast closely misses you.
The blast of sand hits the ice beast but does no damage.
The ice beast is heavily wounded.
The ice beast hits you but does no damage.
The blast of sand hits the ice beast.
The ice beast is severely wounded.
The ice beast barely misses you.
The ice beast hits you but does no damage.
The blast of sand hits the ice beast but does no damage.
The ice beast is severely wounded.
You block the ice beast's attack.
The blast of sand hits the ice beast.
The ice beast is severely wounded.
The ice beast hits you. The ice beast freezes you!
The ice beast hits you but does no damage.
You are too injured to fight recklessly!
You are too injured to fight recklessly!
You are too injured to fight recklessly!
Casting: Sandblast (safe; 1% risk of failure)
Confirm with . or Enter, or press ? or * to list all spells.
Aiming: Sandblast (safe; 1% risk of failure)
Press: ? - help, Shift-Dir - straight line, f/p - ice beast
Aim: an ice beast (severely wounded, 83% to hit)
The blast of sand hits the ice beast but does no damage.
The ice beast is severely wounded.
The ice beast hits you. The ice beast freezes you!
* * * LOW HITPOINT WARNING * * *
The ice beast attacks as you move away!
The ice beast hits you but does no damage.
Magic courses through your body. The ice beast hits you.
* * * LOW HITPOINT WARNING * * *
The ice beast freezes you!
You die...

#.# ..#.# #.# ..... #.#
.##.# #.# .##.# # #<#
##)##.#
#########.######..##.#
##...............###.#
......###.#####......#####.#
.....)....#####.@##........#
##.##.###........Y.).#######
##.##.#########..#.#.#
##.##.......# #......#
##.########.# #..#.### ##.#
.....#.# ##.# #..###.##.#
##.# #..# #. #.# ...# #..#
#. ..#


You could see an ice beast.

Vanquished Creatures
  Terence (D:1)
  4 adders
  2 worms
  3 dart slugs (D:1)
  5 ball pythons
  5 bats
  3 endoplasms
  2 giant cockroaches (D:1)
  4 goblins
  3 hobgoblins
  2 jackals (D:2)
  4 quokkas
  3 frilled lizards (D:1)
  6 kobolds
  9 rats
56 creatures vanquished.

Notes
Turn   | Place    | Note
-------+----------+-------------------------------------------
     0 | D:1      | Essalna the Gargoyle Earth Elementalist began the quest for
                  | the Orb.
     0 | D:1      | Reached XP level 1. HP: 10/10 MP: 3/3
   129 | D:1      | Reached skill level 1 in Fighting
   135 | D:1      | Reached XP level 2. HP: 16/16 MP: 0/5
   189 | D:1      | Reached skill level 4 in Earth Magic
   637 | D:1      | Reached XP level 3. HP: 21/21 MP: 4/6
  1045 | D:2      | Found a sparkling altar of Nemelex Xobeh.
  1182 | D:2      | Noticed Terence
  1213 | D:1      | Killed Terence
  1214 | D:1      | Reached XP level 4. HP: 25/27 MP: 3/7
  1349 | D:2      | Reached skill level 5 in Earth Magic
  2016 | D:3      | Reached XP level 5. HP: 32/32 MP: 5/8
  2084 | D:3      | Noticed an ice beast
  2103 | D:3      | Slain by an ice beast

Illustrated notes

Levels and vault maps discovered:
D:1:      doesnt_arrival_eight_statues, layout_loops_cross
D:2:      wander_river, layout_loops_cross, basic_altar,
          hangedman_feature_mirror, uniq_terence
D:3:      layout_loops_ring, yredelemnul_forgotten_temple_becter,
          mainiacjoe_overflow_swirl

Skill      XL: |  1  2  3  4 |
---------------+-------------+-----
Fighting       | 1 2 3 |  3.4
Earth Magic    | 4 5 |  5.4
Dodging        | |  1.5
Stealth        | |  2.1
Spellcasting   | |  2.0
Transmutations | |  0.7

Action                     |  1- 3 |  4- 6 || total
---------------------------+-------+-------++-------
  Melee: Unarmed           |    12 |       ||    12
         Punch             |     1 |       ||     1
         Dagger            |     6 |       ||     6
   Cast: Sandblast         |    51 |    36 ||    87
    Use: Scroll            |     2 |       ||     2
         Potion            |     1 |     1 ||     2
 Armour: Robe              |     8 |     6 ||    14
  Dodge: Dodged            |    26 |     6 ||    32
  Block: Other             |       |     3 ||     3

Table legend: (Time is in decaauts)
 A = Elapsed time spent in this place.
 B = Non-inter-level travel time spent in this place.
 C = Inter-level travel time spent in this place.
 D = Time resting spent in this place.
 E = Time spent auto-exploring this place.
 F = Levels seen in this place.
 G = Mean time per level.
                   A        B        C        D        E       F      G
               +--------+--------+--------+--------+--------+-----+--------+
         Total |   2155 |   2137 |     18 |      0 |   1782 |   3 |  718.3 |
       Dungeon |   2155 |   2137 |     18 |      0 |   1782 |   3 |  718.3 |
               +--------+--------+--------+--------+--------+-----+--------+

Top non-repeatable levels by time:
     D:1: 1002 daAuts
     D:2: 833 daAuts
     D:3: 319 daAuts
